AoeStats
← alexandrovb27

Black Forest

505583291Analyzed
4v4 RM · 24d ago on Sep 10, 2026· 61m 46s· 8 players
Game mode
Random Map
Map size
Large (8 player)
Population
200
Speed
Normal
Resources
Standard
Victory
Conquest
Starting age
Dark Age
Ending age
Imperial Age
RankedLock teamsTeams togetherTeam positionsShared explorationLock speedFull tech treeHidden civsTurbo modeCheats
Victory
Defeat
🇲🇽 Huns · Mexico
668
+16
🇲🇽 Britons · Mexico
665
+16
🇲🇽 Bohemians · Mexico
648
+16
🇲🇽 Inca · Mexico
634
+17
🇺🇸 Romans · United States
695
-18
🇲🇽 Vietnamese · Mexico
690
-18
🇲🇽 Portuguese · Mexico
640
-15
🇵🇪 Chinese · Peru
603
-14
oneal321
4:02 Loom
22:46 Feudal Age
23:15 Man-at-Arms
24:41 Wheelbarrow
24:15 Double-Bit Axe
26:56 Horse Collar
31:57 Castle Age
30:17 Fletching
30:42 Forging
31:40 Bloodlines
33:32 Iron Casting
32:54 Bodkin Arrow
33:02 Scale Mail Armor
33:04 Padded Archer Armor
33:32 Husbandry
33:26 Elite Skirmisher
33:34 Light Cavalry
34:19 Squires
34:39 Long Swordsman
34:43 Pikeman
36:49 Scale Barding Armor
38:22 Bow Saw
39:19 Chain Mail Armor
39:20 Leather Archer Armor
41:33 Chain Barding Armor
41:37 Hand Cart
41:35 Ballistas
43:49 Ballistics
43:27 Murder Holes
43:44 Fortified Wall
45:59 Caravan
50:19 Imperial Age
50:30 Heavy Scorpion
51:24 Halberdier
54:31 Ring Archer Armor
55:05 Blast Furnace
57:12 Conscription
alejandrorebolledo
0:33 Loom
16:29 Feudal Age
25:32 Castle Age
26:03 Horse Collar
31:40 Gold Mining
33:10 Double-Bit Axe
35:30 Wheelbarrow
35:22 Bow Saw
36:12 Pikeman
37:50 Heavy Plow
39:21 Hand Cart
39:14 Stone Mining
42:17 Imperial Age
42:12 Caravan
42:03 Town Watch
44:01 Chemistry
43:11 Town Patrol
43:17 Onager
51:38 Halberdier
56:22 Elite Organ Gun
alexandrovb27
0:33 Loom
13:39 Feudal Age
14:21 Town Watch
15:20 Double-Bit Axe
16:20 Horse Collar
17:52 Wheelbarrow
24:08 Castle Age
22:25 Stone Mining
22:38 Gold Mining
25:31 Hand Cart
26:05 Gold Shaft Mining
26:09 Pikeman
26:54 Squires
27:20 Heavy Plow
29:18 Town Patrol
30:54 Bow Saw
31:09 Elite Skirmisher
31:55 Thumb Ring
34:19 Stone Shaft Mining
38:22 Imperial Age
38:00 Great Wall
38:21 Forging
38:02 Fletching
38:12 Padded Archer Armor
38:13 Scale Mail Armor
38:19 Scale Barding Armor
39:15 Sappers
39:06 Elite Chu Ko Nu
40:07 Conscription
41:18 Two-Man Saw
41:10 Heavy Rocket Cart
42:12 Halberdier
42:17 Elite Fire Lancer
45:59 Chemistry
44:45 Arrowslits
45:20 Ballistics
45:12 Masonry
44:57 Murder Holes
44:54 Heated Shot
45:09 Bodkin Arrow
45:51 Iron Casting
45:33 Leather Archer Armor
48:28 Rocketry
49:28 Imperial Skirmisher
49:42 Imperial Skirmisher
santiagocasabsalado
1:41 Loom
13:53 Feudal Age
15:36 Stone Mining
18:50 Horse Collar
21:38 Double-Bit Axe
24:21 Castle Age
22:25 Gold Mining
26:26 Bow Saw
30:21 Heavy Plow
32:37 Wheelbarrow
33:20 Chatras
34:02 Caravan
35:21 Fortified Wall
34:52 Treadmill Crane
35:18 Padded Archer Armor
36:37 Leather Archer Armor
36:13 Fletching
36:33 Forging
36:29 Scale Barding Armor
38:18 Hand Cart
39:07 Ballistics
41:50 Imperial Age
40:59 Elite Skirmisher
41:04 Pikeman
41:44 Squires
43:50 Paper Money
44:09 Hoardings
43:02 Imperial Skirmisher
43:05 Elite Battle Elephant
43:07 Halberdier
44:17 Chain Barding Armor
44:28 Ring Archer Armor
45:58 Chemistry
46:27 Husbandry
45:47 Cavalier
46:40 Bloodlines
Hermoso Cariño U.U
3:15 Loom
16:18 Feudal Age
21:25 Castle Age
19:45 Champi Runner
28:48 Horse Collar
28:55 Double-Bit Axe
30:22 Heavy Plow
32:24 Gold Mining
32:44 Bow Saw
33:12 Wheelbarrow
33:48 Fortified Wall
35:22 Champi Warrior
35:23 Pikeman
36:05 Squires
36:31 Scale Mail Armor
36:41 Forging
40:37 Gold Shaft Mining
39:53 Stone Mining
40:15 Andean Sling
40:26 Andean Sling
43:44 Imperial Age
41:33 Hand Cart
42:06 Ballistics
41:42 Murder Holes
41:58 Masonry
41:30 Treadmill Crane
42:45 Chain Mail Armor
43:06 Iron Casting
45:33 Chemistry
44:54 Siege Engineers
44:13 Halberdier
44:14 Elite Champi Warrior
45:45 Fabric Shields
45:08 Elite Kamayuk
47:48 Conscription
55:01 Hoardings
59:48 Plate Mail Armor
60:19 Blast Furnace
zFear Itachi
0:38 Loom
14:25 Feudal Age
14:54 Double-Bit Axe
14:52 Fishing Lines
15:59 Wheelbarrow
17:02 Horse Collar
22:25 Gold Mining
28:39 Castle Age
27:58 Stone Mining
29:23 Heavy Plow
29:17 Gillnets
29:40 Bow Saw
29:47 Hand Cart
29:45 Caravan
33:03 Gold Shaft Mining
36:53 Treadmill Crane
37:35 Ballistics
37:19 Padded Archer Armor
37:09 Fletching
37:30 Forging
37:20 Scale Mail Armor
38:18 Leather Archer Armor
39:45 Yeomen
41:58 Imperial Age
39:27 Bodkin Arrow
40:07 Iron Casting
41:46 Squires
41:06 Pikeman
42:06 Chain Mail Armor
43:40 Two-Man Saw
43:08 Conscription
42:11 Elite Longbowman
43:31 Halberdier
45:32 Chemistry
47:49 Ring Archer Armor
47:20 Bracer
48:56 Plate Mail Armor
49:26 Blast Furnace
GSHRafitaNG
0:42 Loom
14:32 Feudal Age
16:15 Wheelbarrow
16:12 Double-Bit Axe
16:10 Horse Collar
27:49 Castle Age
29:01 Bow Saw
30:17 Hand Cart
33:09 Heavy Plow
35:04 Ballistics
35:44 Chemistry
34:47 Caravan
40:36 Imperial Age
41:35 Wagenburg Tactics
42:17 Houfnice
45:27 Two-Man Saw
43:59 Elite Hussite Wagon
zFSane
1:08 Loom
16:30 Feudal Age
17:49 Wheelbarrow
17:03 Double-Bit Axe
17:01 Horse Collar
20:02 Stone Mining
20:02 Gold Mining
25:01 Castle Age
26:05 Bow Saw
27:36 Hand Cart
28:39 Heavy Plow
33:34 Imperial Age
31:47 Marauders
33:23 Caravan
33:54 Coinage
33:58 Scale Barding Armor
33:55 Scale Mail Armor
34:06 Forging
35:19 Chain Barding Armor
36:33 Atheism
35:39 Elite Tarkan
36:40 Conscription
37:46 Chemistry
36:57 Masonry
37:10 Ballistics
37:48 Gold Shaft Mining
38:34 Plate Barding Armor
38:15 Chain Mail Armor
38:35 Iron Casting
38:38 Banking
39:28 Two-Man Saw
40:18 Guilds
41:02 Bloodlines
40:57 Husbandry
42:35 Blast Furnace
44:19 Padded Archer Armor
44:09 Fletching
Connection lost

Rejoining the realm…

Still unreachable

The connection could not be restored.

Session expired

The server has moved on; the page needs a fresh start.